 Dungeon Crawl Stone Soup version 0.19-a0-1002-g674d22e (webtiles) character file.

4580 epen the Transmogrifier (level 10, -6/74 HPs)
             Began as a Mottled Draconian Transmuter on July 18, 2016.
             Was a Follower of Uskayaw.
             Mangled by Erica
             ... wielding a +1 scimitar of flaming
              (8 damage)
             ... on level 9 of the Dungeon.
             The game lasted 00:18:04 (9356 turns).

epen the Transmogrifier (DrTm)                      Turns: 9356, Time: 00:18:04

Health: -6/74      AC: 10    Str: 15    XL:     10   Next: 18%
Magic:  17/17      EV: 14    Int: 22    God:    Uskayaw [*.....]
Gold:   335        SH:  2    Dex: 12    Spells: 6 memorised, 7 levels left

rFire  . . .     SeeInvis .       - Unarmed
rCold  . . .     Gourm    .     (armour unavailable)
rNeg   . . .     Faith    .     (no shield)
rPois  .         Spirit   .     (helmet restricted)
rElec  .         Dismiss  .     t - +1 cloak
rCorr  .         Reflect  +     (no gloves)
SustAt .         Harm     .     h - +0 pair of boots
MR     .....                    D - +2 amulet of reflection
Stlth  +.........               (no ring)
                                k - +5 ring of intelligence

@: mighty, slowed, very slow, not resistant to hostile enchantments, very
unstealthy
A: breathe sticky flame splash, unfitting armour, antennae 1, frail 1, low mp 2,
weak 1, cold-blooded, AC +7
a: Breathe Sticky Flame, Stomp, Renounce Religion


You were on level 9 of the Dungeon.
You worshipped Uskayaw.
Uskayaw was noncommittal.
You were very hungry.

You visited 2 branches of the dungeon, and saw 11 of its levels.

You collected 455 gold pieces.
You spent 120 gold pieces at shops.

Inventory:

Missiles
 a - 117 arrows
Armour
 f - a +0 cloak
 h - a +0 pair of boots (worn)
 t - a +1 cloak (worn)
Jewellery
 k - a +5 ring of intelligence (left hand)
 D - a +2 amulet of reflection (around neck)
 Q - an uncursed ring of protection from magic {unknown}
Wands
 x - a wand of polymorph (18/24)
 y - a wand of disintegration (9/24)
 E - a wand of slowing (24/48)
Scrolls
 d - 2 scrolls of fog {unknown}
 e - 5 scrolls of remove curse
 g - 2 scrolls of amnesia {unknown}
 l - 2 scrolls of immolation {unknown}
 m - 3 scrolls of enchant armour {unknown}
 q - 3 scrolls of magic mapping {unknown}
 r - 8 scrolls of identify
 s - a scroll of recharging {unknown}
 z - a scroll of teleportation
 B - 2 scrolls of enchant weapon {unknown}
 F - a scroll of random uselessness {unknown}
 G - a scroll of noise {unknown}
 I - a scroll of brand weapon {unknown}
 M - a scroll of blinking {unknown}
 O - a scroll of vulnerability {unknown}
Potions
 i - a potion of degeneration {unknown}
 j - a potion of agility {unknown}
 o - a potion of cancellation {unknown}
 p - a potion of mutation {unknown}
 A - 2 potions of might
 H - 2 potions of cure mutation {unknown}
 N - 2 potions of haste {unknown}
Books
 b - a book of Changes

   Spells                             Type                      Level
   a - Beastly Appendage              Transmutation                1
   b - Sticks to Snakes               Transmutation                2
   c - Spider Form                    Transmutation/Poison         3
   d - Ice Form                       Ice/Transmutation            4
   e - Blade Hands                    Transmutation                5
 J - a book of Conjurations

   Spells                             Type                      Level
   a - Magic Dart                     Conjuration                  1
   b - Searing Ray                    Conjuration                  2
   c - Dazzling Spray                 Conjuration/Hexes            3
   d - Fulminant Prism                Conjuration/Hexes            4
   e - Iskenderun's Mystic Blast      Conjuration                  4
   f - Iskenderun's Battlesphere      Conjuration/Charms           5
 K - a book of Spatial Translocations

   Spells                             Type                      Level
   a - Apportation                    Translocation                1
   b - Blink                          Translocation                2
   c - Shroud of Golubria             Charms/Translocation         2
   d - Portal Projectile              Translocation                3
   e - Teleport Other                 Translocation                3
   f - Passage of Golubria            Translocation                4
 P - a book of Enchantments

   Spells                             Type                      Level
   a - Cause Fear                     Hexes                        4
   b - Yara's Violent Unravelling     Hexes/Transmutation          5
   c - Silence                        Hexes/Air                    5
   d - Deflect Missiles               Charms/Air                   6
   e - Haste                          Charms                       6
   f - Discord                        Hexes                        8
Comestibles
 c - 9 bread rations
 n - a fruit
 u - 4 meat rations
 v - 3 beef jerkies
 w - 3 slices of pizza
 L - 2 chunks of flesh


   Skills:
 + Level 5.9 Fighting
 + Level 5.4 Dodging
 + Level 6.4 Unarmed Combat
 * Level 7.6 Spellcasting
 * Level 8.4 Transmutations


You had 7 spell levels left.
You knew the following spells:

 Your Spells              Type           Power        Failure   Level  Hunger
a - Beastly Appendage     Tmut           #####.       1%          1    None
b - Sticks to Snakes      Tmut           #####...     1%          2    None
c - Spider Form           Tmut/Pois      ####......   4%          3    None
d - Blade Hands           Tmut           #####.....   10%         5    #####..
e - Ice Form              Ice/Tmut       ####....     14%         4    ###....
f - Blink                 Tloc           N/A          14%         2    None


Dungeon Overview and Level Annotations

Branches:
Dungeon (10/15)            Temple (1/1) D:7            Lair (0/6) D:8
    Orc (0/2) D:10

Altars:
Cheibriados
Elyvilon
Fedhas
Makhleb
Nemelex Xobeh
Ru
Trog
Uskayaw
Xom
Yredelemnul
Zin

Shops:
D:5 ?

Annotations:
D:4 happinesssam's ghost, amateur HEGl
D:8 CypherZel's ghost, novice DsGl
D:9 Erica; Liquid's ghost, novice DsCK


Innate Abilities, Weirdness & Mutations

You can spit globs of burning liquid.
You can ignite nearby creatures when you spit burning liquid.
Your weird mottled scales are hard. (AC +7)
Your body does not fit into most forms of armour.
You are cold-blooded and may be slowed by cold attacks.
You have a pair of small antennae on your head.
You are frail. (-10% HP)
Your magical capacity is very low. (-20% MP)
You are weak. (Str -2)


Message History

You bump into the rock wall.
Something hits you!
* * * LOW HITPOINT WARNING * * *
Something burns you.
* * * LOW HITPOINT WARNING * * *
Unknown command.
Erica appears from thin air!
Reactivating autopickup.
Erica gestures at you while chanting. The orb of energy hits you!
* * * LOW HITPOINT WARNING * * *
The orb of energy explodes!
It was a potion of might.
You feel very mighty all of a sudden.
Your hands revert to their normal proportions.
Erica closely misses you.
You punch Erica!
Erica is almost dead.
You feel less confused.
Erica hits you with a scimitar of flaming!
You die...

#.........#....
##...##{### ###
#...##.#######
#...##........
##...##.#.#####
#.....).#.#
#..%.#### #
#.@..# #@####
#.# #.# #.# #.#
#.# #.# #.#


You could see Erica.

Vanquished Creatures
  Nergalle (D:10)
  Pikel (D:7)
  A two-headed ogre (D:8)
  A spriggan (D:7)
  2 hungry ghosts
  Edmund (D:6)
  A sky beast (D:7)
  2 slaves (D:7)
  3 black bears
  2 orc warriors
  A necrophage (D:9)
  6 ogres
  2 centaurs
  3 giant frogs
  A water moccasin zombie (D:5)
  A scorpion (D:4)
  5 howler monkeys
  4 crimson imps
  3 giant frog zombies (D:5)
  A quasit (D:5)
  5 hounds
  Crazy Yiuf (D:5)
  An orc wizard (D:4)
  2 orc priests
  An iguana (D:4)
  4 worker ants
  A killer bee zombie (D:7)
  2 ogre zombies (D:10)
  3 hound zombies (D:5)
  2 hound skeletons (D:5)
  A howler monkey zombie (D:5)
  A worker ant zombie (D:5)
  4 gnolls (D:3)
  4 adders
  2 shadow imps
  2 oozes
  3 adder zombies
  3 adder skeletons
  2 worms (D:3)
  2 dart slugs
  4 giant geckos
  7 orcs
  10 bats
  5 giant cockroaches
  2 goblins (D:3)
  6 hobgoblins
  19 jackals
  3 quokkas
  3 ball pythons
  2 giant cockroach zombies (D:5)
  A giant gecko skeleton (D:4)
  2 giant gecko zombies (D:5)
  A giant newt (D:5)
  2 gnoll zombies (D:5)
  A jackal zombie (D:5)
  6 kobolds
  3 orc zombies (D:10)
  4 quokka skeletons
  2 quokka zombies (D:5)
  6 rats
177 creatures vanquished.

Vanquished Creatures (others)
  2 slaves (D:7)
2 creatures vanquished.

Grand Total: 179 creatures vanquished

Notes
Turn   | Place    | Note
-------+----------+-------------------------------------------
     0 | D:1      | epen the Draconian Transmuter began the quest for the Orb.
     0 | D:1      | Reached XP level 1. HP: 16/16 MP: 3/3
    90 | D:1      | Reached XP level 2. HP: 9/23 MP: 3/5
   351 | D:1      | Learned a level 2 spell: Sticks to Snakes
   822 | D:2      | Reached XP level 3. HP: 24/29 MP: 6/6
   833 | D:2      | Learned a level 3 spell: Spider Form
   833 | D:2      | Found a faded altar of an unknown god.
  2052 | D:3      | Reached XP level 4. HP: 36/36 MP: 7/7
  2058 | D:3      | Noticed a deep elf mage
  2302 | D:3      | Reached skill level 3 in Transmutations
  2491 | D:3      | Found a blossoming altar of Fedhas.
  2648 | D:4      | Reached XP level 5. HP: 6/41 MP: 5/9
  2829 | D:4      | Noticed happinesssam's ghost (amateur HEGl)
  3187 | D:4      | Noticed a black bear
  3188 | D:4      | Noticed an ice beast
  3514 | D:4      | Killed a black bear
  3514 | D:4      | Reached XP level 6. HP: 40/50 MP: 3/11
  3538 | D:4      | Found a snail-covered altar of Cheibriados.
  3746 | D:4      | Reached skill level 4 in Transmutations
  3841 | D:4      | Learned a level 5 spell: Blade Hands
  4033 | D:5      | Entered Level 5 of the Dungeon
  4068 | D:5      | Your scales start taking on a weird mottled colour.
  4068 | D:5      | Reached XP level 7. HP: 38/57 MP: 8/12
  4751 | D:5      | Found Vikil's Magic Scroll Shop.
  4764 | D:5      | Reached skill level 5 in Transmutations
  4783 | D:5      | Bought a scroll of teleportation for 45 gold pieces
  4783 | D:5      | Bought a scroll of identify for 30 gold pieces
  4783 | D:5      | Bought a scroll of remove curse for 45 gold pieces
  5242 | D:5      | Reached XP level 8. HP: 58/64 MP: 15/15
  5415 | D:5      | Found a basalt altar of Yredelemnul.
  5558 | D:5      | Found a runed door.
  5747 | D:5      | Noticed Crazy Yiuf
  5756 | D:5      | Killed Crazy Yiuf
  5756 | D:5      | Reached skill level 5 in Spellcasting
  6317 | D:6      | Found a glowing silver altar of Zin.
  6361 | D:6      | Noticed Edmund
  6379 | D:6      | Killed Edmund
  6414 | D:6      | Found a white marble altar of Elyvilon.
  6480 | D:6      | Found a shimmering altar of Xom.
  6551 | D:6      | Reached skill level 6 in Transmutations
  6796 | D:7      | Found a sacrificial altar of Ru.
  6834 | D:7      | Reached skill level 5 in Unarmed Combat
  6860 | D:7      | Gained mutation: Your magical capacity is low. (-10% MP) [mutagenic meat]
  6866 | D:7      | Gained mutation: You have a pair of small antennae on your head. [mutagenic meat]
  6872 | D:7      | Gained mutation: You are weak. (Str -2) [mutagenic meat]
  6909 | D:7      | Gained mutation: Your magical capacity is very low. (-20% MP) [mutagenic meat]
  6912 | D:7      | Gained mutation: You are frail. (-10% HP) [mutagenic meat]
  6927 | D:7      | Found a staircase to the Ecumenical Temple.
  6934 | D:7      | Noticed Pikel
  6961 | D:7      | Killed Pikel
  6961 | D:7      | Reached XP level 9. HP: 15/64 MP: 12/14
  6976 | Temple   | Entered the Ecumenical Temple
  7013 | Temple   | Became a worshipper of Uskayaw the Reveler
  7229 | D:7      | Reached * piety under Uskayaw
  7522 | D:7      | Learned a level 4 spell: Ice Form
  7529 | D:7      | Reached ** piety under Uskayaw
  7717 | D:7      | Reached skill level 7 in Transmutations
  7766 | D:8      | Found a staircase to the Lair.
  7851 | D:8      | Reached skill level 5 in Fighting
  8046 | D:8      | Reached *** piety under Uskayaw
  8065 | D:8      | Noticed CypherZel's ghost (novice DsGl)
  8066 | D:8      | Found a sparkling altar of Nemelex Xobeh.
  8469 | D:8      | Learned a level 2 spell: Blink
  8530 | D:8      | Reached skill level 5 in Dodging
  8881 | D:9      | Reached skill level 8 in Transmutations
  8881 | D:9      | Reached **** piety under Uskayaw
  9084 | D:9      | Noticed Liquid's ghost (novice DsCK)
  9092 | D:9      | Noticed a hornet
  9105 | D:10     | Entered Level 10 of the Dungeon
  9129 | D:10     | Noticed Nergalle
  9147 | D:10     | Killed Nergalle
  9147 | D:10     | Reached XP level 10. HP: 63/74 MP: 12/17
  9251 | D:10     | Noticed a manticore
  9252 | D:10     | Found a staircase to the Orcish Mines.
  9291 | D:9      | Noticed Erica
  9354 | D:9      | HP: 1/74 [Erica/orb of energy (20)]
  9356 | D:9      | Mangled by Erica

Vault maps used:
D:1:      dpeg_arrival_windows_large_door, serial_curves, eino_curves_01,
          eino_curves_03, eino_curves_04, interstate_on_off
D:2:      ecumenical_altar_2
D:3:      overflow_temple_1_default, lightli_corner_chamber
D:4:      nicolae_overflow_crystal_walls, serial_co_window_serial,
          co_window_paths_b, co_window_paths_a, co_window_paths_a,
          co_window_paths_a, co_window_corner_a, co_window_corner_b,
          co_window_broadway_a, co_window_corner_b, co_window_unsneaky_path_d,
          co_window_4corner_b, glass_columns_b, glass_columns_c,
          glass_columns_c, glass_columns_a, first_bread,
          minmay_misc_feat_rugged, grunt_ministairs_9
D:5:      lemuel_zombie_altar_yredelemnul, serial_undead, serial_undead_f,
          serial_undead_a, serial_undead_f, serial_undead_b, serial_undead_f,
          serial_undead_a, serial_undead_d, serial_undead_e, serial_undead_c,
          serial_undead_b, serial_shops, shop, uniq_crazy_yiuf_cottage
D:6:      xom_teletrap_fun, overflow_temple_1_default, elyvilon_altar_1,
          uniq_edmund
D:7:      lemuel_doored_altar, the_bakery, uniq_pikel
D:8:      nemelex_xobeh_ov_fountains_minmay, lair_0_dummy
D:9:      overflow_temple_1_default, uniq_erolcha, uniq_joseph, uniq_erica,
          uniq_grum
D:10:     zombieorc1_lemuel, st_stairs_9, uniq_nergalle
Temple:   dpeg_chambers_temple

Skill      XL: |  1  2  3  4  5  6  7  8  9 |
---------------+----------------------------+-----
Dodging        | 2 3 4 5 |  5.4
Fighting       | 2 3 4 5 |  5.9
Transmutations | 3 4 5 6 8 |  8.4
Spellcasting   | 3 4 6 7 |  7.6
Unarmed Combat | 4 5 6 |  6.4

Action                   |  1- 3 |  4- 6 |  7- 9 | 10-12 || total
-------------------------+-------+-------+-------+-------++-------
Melee: Unarmed           |   154 |   158 |   618 |    41 ||   971
       Kick              |     2 |       |       |       ||     2
       Tailslap          |    10 |     8 |    46 |     2 ||    66
       Punch             |     1 |     1 |     5 |       ||     7
       Headbutt          |     1 |       |     4 |       ||     5
 Cast: Beastly Appendage |     2 |       |     2 |       ||     4
       Spider Form       |     3 |     9 |    15 |       ||    27
       Blade Hands       |       |       |     9 |     4 ||    13
 Abil: Breathe Sticky Fl |       |       |     3 |       ||     3
  Use: Potion            |       |     1 |     1 |     5 ||     7
       Scroll            |       |       |     1 |     1 ||     2
 Stab: Paralysed         |       |       |     3 |     1 ||     4
  Eat: Chunk             |     4 |     8 |    25 |     2 ||    39
       Pizza             |       |       |     1 |       ||     1
Armor: Skin              |    61 |    47 |   170 |    11 ||   289
Dodge: Dodged            |   143 |   128 |   529 |    29 ||   829
Block: Other             |       |       |     5 |     4 ||     9
